 Dungeon Crawl Stone Soup version 0.23.2-40-g277498a (webtiles) character file.

Game seed: 2908643613470755824

986 Balder the Covered (level 8, -1/54 HPs)
             Began as a Halfling Fighter on Sept 6, 2019.
             Was a Follower of Okawaru.
             Splashed by a jelly's acid (7 damage)
             ... on level 5 of the Dungeon.
             The game lasted 00:18:14 (5698 turns).

Balder the Covered (Halfling Fighter)               Turns: 5698, Time: 00:18:16

Health: -1/54      AC:  0    Str: 17    XL:     8   Next: 41%
Magic:  9/9        EV:  8    Int:  6    God:    Okawaru [*.....]
Gold:   208        SH: 14    Dex: 16    Spells: 7/7 levels left

rFire    . . .     SeeInvis .   u - +0 long sword
rCold    . . .     Gourm    .   c - +0 shield
rNeg     . . .     Faith    .   l - +0 chain mail
rPois    .         Spirit   .   (no helmet)
rElec    .         Reflect  +   m - +0 cloak
rCorr    .         Harm     .   (no gloves)
MR       .....                  (no boots)
Stlth    ..........             t - +4 amulet of reflection
HPRegen  0.18/turn              (no ring)
MPRegen  0.11/turn              (no ring)

@: corroded
A: small, mutation resistance 1
a: Heroism, Renounce Religion


You were on level 5 of the Dungeon.
You worshipped Okawaru.
Okawaru was aware of your devotion.
You were not hungry.

You visited 1 branch of the dungeon, and saw 5 of its levels.

You collected 208 gold pieces.

Inventory:

Hand Weapons
 a - a +2 dagger of venom
 b - a +0 hunting sling
 g - a +0 rapier
 u - a +0 long sword (weapon)
 x - a +3 mace
Missiles
 n - 169 stones (quivered)
 v - 5 tomahawks
Armour
 c - a +0 shield (worn)
 l - a +0 chain mail (worn)
 m - a +0 cloak (worn)
 y - a +0 plate armour
Jewellery
 i - an uncursed amulet of the gourmand
 t - a +4 amulet of reflection (around neck)
Scrolls
 e - 2 scrolls of teleportation {unknown}
 h - 5 scrolls of remove curse {unknown}
 j - 3 scrolls of identify
 k - a scroll of enchant armour {unknown}
 o - a scroll of immolation {unknown}
 p - a scroll of magic mapping {unknown}
 q - a scroll of enchant weapon {unknown}
 r - a scroll of fog {unknown}
 w - a scroll of noise {unknown}
Potions
 d - a potion of might
 s - a potion of heal wounds {unknown}
Comestibles
 f - 13 rations
 z - 4 chunks of flesh


   Skills:
 * Level 3.6 Fighting
 + Level 5.0(5.3) Short Blades
 * Level 2.0(3.3) Long Blades
 * Level 4.0 Slings
 * Level 5.5 Armour
 * Level 2.5 Dodging
 * Level 2.9 Stealth
 + Level 4.9 Shields
 * Level 2.1 Invocations


You had 7 spell levels left.
You didn't know any spells.
Your spell library was empty.

Dungeon Overview and Level Annotations

Branches:
Dungeon (5/15)
 Temple: D:4-7

Altars:
Okawaru


Innate Abilities, Weirdness & Mutations

You are small and have problems with some larger weapons.
You are somewhat resistant to further mutation.


Message History

You block the jelly's attack. x2
Some of the chunks of flesh in your inventory have rotted away.
You hit the jelly.
Your hands burn!
The jelly is moderately wounded.
You block the jelly's attack.
You slash the jelly!
Your hands burn!
The jelly is heavily wounded.
You block the jelly's attack.
You hit the jelly but do no damage.
Your hands burn!
The jelly is almost dead.
The jelly hits you.
You are splashed with acid!
* * * LOW HITPOINT WARNING * * *
You block the jelly's attack.
You hit the jelly but do no damage.
Your hands burn!
* * * LOW HITPOINT WARNING * * *
The jelly is almost dead.
The jelly hits you.
* * * LOW HITPOINT WARNING * * *
You are splashed with acid!
You die...

######.##.# ..
#.........# . .
#.........# ...
..#.........# ....
...........+ ....
#.)().....# .....
#.)(#######
.....####)####..####...
.....'....J@...........
...#.................#
#....)............#
#....(............#
#...##.####..##...#
######)####..##...##.
#.)..............
#.............#
#.............#


You could see a jelly.

Vanquished Creatures
  An orc warrior (D:5)
  A phantom (D:4)
  A scorpion (D:3)
  A bullfrog zombie (D:4)
  Crazy Yiuf (D:4)
  A centaur skeleton (D:5)
  6 orc priests
  A hound (D:4)
  An orc wizard (D:5)
  5 worker ants
  10 adders
  A shadow imp (D:5)
  An ooze (D:3)
  4 worms
  2 dart slugs
  3 leopard geckos
  18 orcs
  10 bats
  2 giant cockroaches (D:3)
  13 goblins
  6 hobgoblins
  8 jackals
  A quokka (D:4)
  3 ball pythons
  6 frilled lizards
  8 kobolds
  13 rats
128 creatures vanquished.

Vanquished Creatures (others)
  A centaur (D:5)
1 creature vanquished.

Grand Total: 129 creatures vanquished

Notes
Turn   | Place    | Note
-------+----------+-------------------------------------------
     0 | D:1      | Balder the Halfling Fighter began the quest for the Orb.
     0 | D:1      | Reached XP level 1. HP: 15/15 MP: 1/1
    87 | D:1      | Reached XP level 2. HP: 20/20 MP: 2/2
   882 | D:2      | Reached XP level 3. HP: 25/25 MP: 3/3
  1018 | D:2      | Reached skill level 1 in Stealth
  1274 | D:2      | Reached XP level 4. HP: 30/30 MP: 4/4
  2016 | D:2      | Reached skill level 1 in Slings
  2096 | D:2      | Reached skill level 1 in Dodging
  2096 | D:2      | Reached XP level 5. HP: 32/36 MP: 5/5
  2315 | D:2      | Found an iron altar of Okawaru.
  2338 | D:2      | Became a worshipper of Warmaster Okawaru
  3291 | D:3      | Reached XP level 6. HP: 42/42 MP: 6/6
  4211 | D:4      | Reached skill level 1 in Long Blades
  4211 | D:4      | Reached XP level 7. HP: 27/46 MP: 7/7
  4216 | D:4      | Reached skill level 1 in Invocations
  4510 | D:4      | Reached * piety under Okawaru
  4988 | D:4      | Reached skill level 5 in Armour
  5114 | D:4      | Found a runed translucent door.
  5115 | D:4      | Noticed Crazy Yiuf
  5125 | D:4      | Killed Crazy Yiuf
  5164 | D:5      | Entered Level 5 of the Dungeon
  5400 | D:5      | Reached XP level 8. HP: 32/52 MP: 9/9
  5533 | D:5      | Reached skill level 5 in Short Blades
  5698 | D:5      | Splashed by a jelly's acid

Skill      XL: |  1  2  3  4  5  6  7  8 |
---------------+-------------------------+-----
Stealth        | 1 2 |  2.9
Short Blades   | 3 4 5 |  5.0
Armour         | 4 5 |  5.5
Fighting       | 3 |  3.6
Shields        | 4 |  4.9
Slings         | 1 2 3 4 |  4.0
Dodging        | 1 2 |  2.5
Long Blades    | 1 2 |  2.0
Invocations    | 1 2 |  2.1

Action                   |  1- 3 |  4- 6 |  7- 9 || total
-------------------------+-------+-------+-------++-------
Melee: Rapier            |    93 |    76 |    10 ||   179
       Dagger            |       |   154 |   144 ||   298
       Long sword        |       |       |     5 ||     5
 Fire: Hunting sling     |       |    21 |       ||    21
  Use: Potion            |       |     2 |       ||     2
       Scroll            |       |       |     2 ||     2
  Eat: Chunk             |     1 |     7 |     1 ||     9
       Ration            |       |     1 |     1 ||     2
Armor: Scale mail        |    24 |       |       ||    24
       Chain mail        |    26 |    73 |    29 ||   128
Dodge: Dodged            |    26 |    52 |    19 ||    97
Block: Shield            |    54 |    96 |    97 ||   247
       Reflection        |       |       |     3 ||     3
